Map: [ESL] Radhuset Station

Players

Scarlett - Winner!

  • Race: Zerg Zerg
  • Spawn Location: 1:00

Astrea

  • Race: Protoss Protoss
  • Spawn Location: 7:00

Event: ESL SC2 Masters 2023 Winter (Regional)

VOD

Have the link to the VOD?

Description

Time

  • Played on: Nov. 12, 2023, 2:53 p.m.
  • Length: 5:45

All games in this series

Show
View Real Time Build Order
Export as new Build Order

Scarlett Zerg - Winner!

Build Orders: Pool First 

Get SALT Encoding   

  12  0:00  Drone  
  13  0:12  Overlord  
  13  0:17  Drone  
  14  0:30  Drone x2  
  14  0:33  Drone  
  17  0:40  Extractor  
  16  0:44  Drone  
  17  0:50  Spawning Pool  
  17  0:55  Drone  
  17  1:05  Drone  
  18  1:19  Hatchery  
  18  1:24  Drone  
  18  1:28  Drone  
  19  1:38  Queen  
  21  1:43  Zergling x2  
  22  1:48  Metabolic Boost  
  22  1:55  Overlord  
  22  2:13  Zergling x4  
  24  2:17  Lair  
  24  2:25  Zergling x2  
  25  2:32  Zergling x4, Queen  
  29  2:46  Zergling x8  
  33  2:52  Overlord  
  33  3:06  Zergling x6  
  36  3:15  Nydus Network  
  35  3:25  Zergling x6  
  38  3:33  Zergling x4  
  40  3:37  Zergling x2  
  40  3:40  Zergling x2  
  42  3:46  Zergling x4  
  44  3:59  Nydus Canal  
  44  4:05  Zergling x2  
  44  4:07  Zergling x2  
  43  4:13  Zergling x4  
  43  4:15  Zergling x2  
  44  4:24  Overlord  
  43  4:29  Nydus Canal  
  43  4:34  Overlord  
  43  4:52  Zergling x12  
  49  5:06  Zergling x4  
Show
View Real Time Build Order
Export as new Build Order

Astrea Protoss 

Build Orders: Nexus First, Phoenix Opening 

Get SALT Encoding   

  12  0:00  Probe  
  13  0:12  Probe  
  14  0:18  Pylon  
  14  0:24  Probe  
  15  0:36  Probe  
  16  0:48  Probe  
  17  0:58  Nexus  
  17  1:01  Probe  
  18  1:12  Gateway  
  18  1:16  Probe  
  19  1:21  Assimilator  
  19  1:28  Probe  
  20  1:40  Probe  
  21  1:52  Probe  
  22  2:03  Cybernetics Core  
  22  2:08  Probe (Chrono Boost)  
  22  2:10  Gateway  
  22  2:11  Probe (Chrono Boost)  
  23  2:21  Probe (Chrono Boost)  
  23  2:22  Probe (Chrono Boost)  
  25  2:27  Probe  
  27  2:30  Probe  
  27  2:39  Sentry (Chrono Boost), Probe  
  27  2:42  Nexus, Probe  
  31  2:49  Warp Gate (Chrono Boost)  
  31  2:52  Probe  
  31  2:54  Probe  
  31  2:56  Pylon  
  33  3:02  Phoenix  
  33  3:04  Probe (Chrono Boost)  
  34  3:06  Stalker, Probe (Chrono Boost)  
  34  3:08  Assimilator  
  34  3:11  Assimilator  
  37  3:15  Probe (Chrono Boost)  
  37  3:17  Probe (Chrono Boost)  
  39  3:20  Probe (Chrono Boost)  
  39  3:21  Probe (Chrono Boost)  
  39  3:26  Pylon  
  41  3:30  Probe  
  41  3:33  Probe  
  43  3:40  Twilight Council  
  43  3:42  Probe  
  43  3:45  Probe  
  43  3:48  Shield Battery  
  45  3:52  Stalker x2 (Chrono Boost)  
  49  3:59  Probe  
  45  4:11  Probe  
  31  4:33  Adept x2  
  31  4:35  Shield Battery  
  30  4:49  Probe  
  31  4:54  Adept x2  
  35  5:02  Probe  
Tags
 
Add a new tag
Caveats
  • Supply blocks, unpowered buildings, or Contaminate may cause inaccurate times.
  • Supply counts are checked every 10 seconds.